 Dungeon Crawl Stone Soup version 0.31-a0-216-g22e908daa7 (webtiles) character file.

Game seed: 1342850653633957212

131 qw the Shooter (level 5, 0/30 HPs)
             Began as a Gargoyle Hexslinger on July 1, 2023.
             Slain by an orc wizard
             ... wielding a +0 dagger
              (1 damage)
             ... on level 3 of the Dungeon.
             The game lasted 00:00:49 (2071 turns).

qw the Shooter (Gargoyle Hexslinger)                Turns: 2071, Time: 00:00:49

Health: 0/30       AC: 10    Str: 11    XL:     5   Next: 14%
Magic:  6/6        EV: 12    Int: 14    God:
Gold:   80         SH:  0    Dex: 14    Spells: 5/6 levels left

rFire   + . .        a - +0 shortbow
rCold   . . .        (shield currently unavailable)
rNeg    + . .        b - +0 robe {rF+}
rPois   inf          (no helmet)
rElec   +            (no cloak)
rCorr   +            (no gloves)
SInv    .            (no boots)
Will    .....        (no amulet)
Stlth   +            i - ring of resist corrosion
HPRegen 0.25/turn    d - +4 ring of protection
MPRegen 0.10/turn

%: no passive effects
@: no status effects
A: sickness immunity, AC +4, negative energy resistance 1, electricity
resistance, torment resistance 1, petrification resistance
a: no special abilities


You were on level 3 of the Dungeon.
You visited 1 branch of the dungeon, and saw 3 of its levels.

You collected 223 gold pieces.
You spent 143 gold pieces at shops.


Innate Abilities, Weirdness & Mutations

You are immune to sickness and miasma.
Your stone body is resilient. (AC +4)
You are immune to poison.
You resist negative energy. (rN+)
You are resistant to electric shocks. (rElec)
You are resistant to unholy torment.
You are immune to petrification.


   Skills:
 - Level 2.0 Fighting
 + Level 4.9 Ranged Weapons
 - Level 1.5 Dodging
 - Level 1.0 Spellcasting
 - Level 2.6 Hexes


You had 5 spell levels left.
You knew the following spells:

 Your Spells              Type           Power      Damage    Failure   Level
a - Slow                  Hex            32%        N/A       9%          1

Your spell library contained the following spells:

 Spells                   Type           Power      Damage    Failure   Level
 Inner Flame              Hex/Fire       4%         N/A       41%         3
 Portal Projectile        Hex/Tloc       8%         N/A       41%         3
 Cause Fear               Hex            4%         N/A       65%         4

Inventory:

Hand Weapons
 a - a +0 shortbow (weapon)
Armour
 b - a +0 robe of fire resistance (worn)
 g - a +0 ring mail
Jewellery
 d - a +4 ring of protection (right hand)
 i - a ring of resist corrosion (left hand)
 m - a ring of protection from cold
 o - a ring of flight
Scrolls
 c - a scroll of identify
 n - a scroll of summoning {unknown}
 p - a scroll of torment {unknown}
Potions
 e - a potion of might
 f - 2 potions of lignification {unknown}
 h - 3 potions of enlightenment
 j - a potion of heal wounds {unknown}
 k - a potion of curing {unknown}
 l - a potion of resistance {unknown}

Dungeon Overview and Level Annotations

Branches:
Dungeon (3/15)

Altars:
Vehumet

Shops:
D:2 [*[[


Message History

The arrow hits the orc wizard but does no damage.
The orc wizard barely misses you.
You shoot an arrow. The arrow hits the orc wizard.
The orc wizard is moderately wounded.
The orc wizard gestures at you while chanting.
You are confused.
The orc wizard mumbles some strange words.
The orc wizard flickers and vanishes!
Deactivating autopickup; reactivate with Ctrl-A.
You shoot an arrow.
You hear some strange, mumbled words.
You are more confused.
Something hits you but does no damage.
You shoot an arrow. Something hits you but does no damage.
You shoot an arrow. Something hits you but does no damage.
You shoot an arrow. Something hits you but does no damage.
You shoot an arrow.
You hear some strange, mumbled words.
Something tries to affect you, but you resist.
You shoot an arrow.
You hear some strange, mumbled words.
A magic dart appears from out of thin air!
The magic dart hits you.
You shoot an arrow. Something hits you but does no damage.
You shoot an arrow. Something hits you but does no damage.
You shoot an arrow.
You feel less confused. Something hits you.
You shoot an arrow. Something hits you but does no damage. Something hits you.
You shoot an arrow. Something hits you.
You shoot an arrow. Something hits you.
You die...

....##.....###+#.#...#.#....##^_^
....##.###.###.#..............^^^
....##.# #...#.#.....#.##########
....##.#####.).#.....#.#
............##)......#.#
##..........##...#####.#
#..............)....#.#
..........##.#){...#.#
..........##.#@)...#.#
........##.#.#.<.#
........##.#.##....#
........##.#.. ..#..#
.........#.##. ..... ####### #..
.. ..... ### .. .... ... .o..


There were no monsters in sight!

Vanquished Creatures
  2 orc priests (D:3)
  An adder (D:2)
  A worm (D:2)
  A dart slug (D:2)
  6 orcs (D:3)
  4 ball pythons
  5 endoplasms
  3 giant cockroaches
  4 goblins
  2 hobgoblins (D:2)
  3 jackals (D:1)
  7 kobolds
  A quokka (D:1)
  2 bats
  7 frilled lizards
  5 rats
54 creatures vanquished.

Notes
Turn   | Place    | Note
-------+----------+-------------------------------------------
     0 | D:1      | qw the Gargoyle Hexslinger began the quest for the Orb.
     0 | D:1      | Reached XP level 1. HP: 12/12 MP: 2/2
     0 | D:1      | 0 ||| qw: Version: 0.3-a-35-g05ef00e
     0 | D:1      | 0 ||| qw: Game counter: 7755
     0 | D:1      | 0 ||| qw: Melee chars always use a shield: true
     0 | D:1      | 0 ||| qw: God list: Okawaru
     0 | D:1      | 0 ||| qw: Allow faded altars: false
     0 | D:1      | 0 ||| qw: Do Orc after clearing Dungeon:15 true
     0 | D:1      | 0 ||| qw: Do second Lair branch before Depths: true
     0 | D:1      | 0 ||| qw: Lair rune preference: random
     0 | D:1      | 0 ||| qw: Goals: Normal
     0 | D:1      | 0 ||| PLANNING D:1-11
   182 | D:1      | Reached XP level 2. HP: 16/16 MP: 3/3
   216 | D:1      | Reached skill level 3 in Ranged Weapons
   622 | D:1      | 622 ||| UPGRADING to +0 leather armour.
   632 | D:1      | 632 ||| DROPPING +0 robe.
   633 | D:1      | 633 ||| UPGRADING to ring of resist corrosion.
   634 | D:1      | 634 ||| READING scroll labelled KIEBIJIQYS.
   635 | D:1      | 635 ||| READING scroll labelled BEL MAOTRE.
   639 | D:1      | 639 ||| DRINKING 2 fuming grey potions.
   640 | D:1      | 640 ||| DROPPING scroll of poison.
   641 | D:1      | 641 ||| DROPPING potion of magic.
   652 | D:2      | Found Inwaedus's General Store.
   669 | D:2      | Reached XP level 3. HP: 20/21 MP: 4/4
   671 | D:2      | 671 ||| SHOPLISTING +2 ring mail of fire resistance (231
                  | gold, have 85).
   829 | D:2      | Found a radiant altar of Vehumet.
   908 | D:2      | Found Loro's Antique Armour Shoppe.
   918 | D:2      | 918 ||| SHOPLISTING cloak (126 gold, have 124).
   918 | D:2      | 918 ||| BUYING glowing robe (103 gold).
   918 | D:2      | Bought a glowing robe for 103 gold pieces
   918 | D:2      | 918 ||| SHOPLISTING pair of gloves (126 gold, have 21).
   918 | D:2      | 918 ||| SHOPLISTING ring mail (112 gold, have 21).
  1317 | D:2      | Found Rexueh's Antique Armour Shoppe.
  1324 | D:2      | 1324 ||| SHOPLISTING pair of boots (135 gold, have 52).
  1324 | D:2      | 1324 ||| SHOPLISTING runed leather armour (150 gold, have
                  | 52).
  1324 | D:2      | 1324 ||| SHOPLISTING runed robe (111 gold, have 52).
  1601 | D:2      | Found Deutz's Armour Shoppe.
  1604 | D:2      | 1604 ||| BUYING +0 ring mail (40 gold).
  1604 | D:2      | Bought a +0 ring mail for 40 gold pieces
  1604 | D:2      | 1604 ||| SHOPLISTING +1 helmet (115 gold, have 22).
  1625 | D:2      | 1625 ||| UPGRADING to +0 robe of fire resistance.
  1635 | D:2      | 1635 ||| DROPPING +0 leather armour.
  1636 | D:2      | 1636 ||| UPGRADING to +4 ring of protection.
  1637 | D:2      | 1637 ||| READING scroll labelled WUOXTAD OSTRE.
  1638 | D:2      | 1638 ||| DRINKING 3 murky silvery potions.
  1639 | D:2      | 1639 ||| READING 2 scrolls of identify.
  1639 | D:2      | 1639 ||| IDENTIFYING fizzy brown potion
  1689 | D:3      | 1689 ||| SWAPPING to +0 shortbow.
  1691 | D:3      | 1691 ||| DROPPING +1 sling.
  1716 | D:3      | Found a faded altar of an unknown god.
  1736 | D:3      | Reached XP level 4. HP: 26/26 MP: 5/5
  1880 | D:3      | 1880 ||| FLEEEEING.
  1881 | D:3      | 1881 ||| FLEEEEING.
  1882 | D:3      | 1882 ||| FLEEEEING.
  1883 | D:3      | 1883 ||| FLEEEEING.
  1884 | D:3      | 1884 ||| FLEEEEING.
  1885 | D:3      | 1885 ||| FLEEEEING.
  1886 | D:3      | 1886 ||| FLEEEEING.
  1887 | D:3      | 1887 ||| FLEEEEING.
  1999 | D:3      | Reached skill level 4 in Ranged Weapons
  2044 | D:3      | 2044 ||| Stepping ~*~*~tactically~*~*~ (outnumbered).
  2047 | D:3      | 2047 ||| Stepping ~*~*~tactically~*~*~ (outnumbered).
  2052 | D:3      | HP: 6/26 [orc wizard/magic dart (1)]
  2056 | D:3      | Reached XP level 5. HP: 7/30 MP: 6/6
  2065 | D:3      | HP: 7/30 [something/magic dart (3)]
  2069 | D:3      | HP: 2/30 [something (2)]
  2071 | D:3      | Slain by an orc wizard

Levels and vault maps discovered:
D:1:      minmay_arrival_split_and_join, layout_basic, minmay_pentomino_w4
D:2:      layout_loops_corners, basic_altar, serial_shops, shop, shop, shop,
          nicolae_shop_window_shopping
D:3:      layout_basic, lemuel_tele_altar, nicolae_overflow_ecumenical_swirl,
          ebering_ecumenical_altar_webs, minmay_unequal, uniq_sigmund

Skill      XL: |  1  2  3  4 |
---------------+-------------+-----
Ranged Weapons | 3 4 |  4.9
Fighting       | 2 |  2.0
Dodging        | |  1.5
Spellcasting   | |  1.0
Hexes          | |  2.6

Action                     |  1- 3 |  4- 6 || total
---------------------------+-------+-------++-------
   Fire: Sling             |   105 |       ||   105
         Shortbow          |    10 |    66 ||    76
    Use: Scroll            |     4 |       ||     4
         Potion            |     2 |       ||     2
 Armour: Robe              |    12 |    23 ||    35
         Leather armour    |     5 |       ||     5
  Dodge: Dodged            |    41 |    14 ||    55

Table legend:
 A = Non-vault XP
 B = Vault XP
 C = Vault XP percentage of total XP
 D = Non-vault monster count
 E = Vault monster count
 F = Vault count percentage of total count
                 A         B        C        D         E       F
            +---------+---------+-------+---------+---------+-------
      Total |     174 |      14 |   7.4 |      46 |       8 |  14.8
            +---------+---------+-------+---------+---------+-------
        D:1 |      21 |      11 |  34.4 |      14 |       6 |  30.0
        D:2 |      41 |       0 |   0.0 |      16 |       0 |   0.0
        D:3 |     112 |       3 |   2.6 |      16 |       2 |  11.1
            +---------+---------+-------+---------+---------+-------
